 Dungeon Crawl Stone Soup version 0.22.1-5-g62c59d919a (webtiles) character file.

963 NochnoyZador the Ruffian (level 7, -3/67 HPs)
             Began as a Troll Monk on Jan 12, 2019.
             Killed by nerve-wracking pain
             ... invoked by an orc priest
              (4 damage)
             ... on level 6 of the Dungeon.
             The game lasted 00:15:56 (3264 turns).

NochnoyZador the Ruffian (Troll Monk)               Turns: 3264, Time: 00:15:58

Health: -3/67      AC:  8    Str: 22    XL:     7   Next: 92%
Magic:  6/6        EV: 11    Int: 12    God:
Gold:   232        SH:  4    Dex: 12    Spells: 6/6 levels left

rFire    . . .     SeeInvis .     - Unarmed
rCold    . . .     Gourm    +   (no shield)
rNeg     . . .     Faith    .   h - +0 troll leather armour
rPois    .         Spirit   .   (helmet restricted)
rElec    .         Reflect  +   (no cloak)
rCorr    .         Harm     .   (gloves unavailable)
MR       .....                  (boots unavailable)
Stlth    ++........             A - +4 amulet of reflection
HPRegen  1.01/turn              v - +1 ring of protection
MPRegen  0.10/turn              y - +6 ring of intelligence

@: lethally poisoned (-3 -> -3), marked
A: large, unfitting armour, claws 3, fast metabolism 3, gourmand, regeneration
1, shaggy fur 1, tough skin 2
a: no special abilities


You were on level 6 of the Dungeon.
You were completely stuffed.

You visited 1 branch of the dungeon, and saw 6 of its levels.

You collected 232 gold pieces.

Inventory:

Hand Weapons
 H - a +0 giant club
Missiles
 c - 172 stones (quivered)
 D - 17 sling bullets
Armour
 a - a +0 robe
 h - a +0 troll leather armour (worn)
Magical Staves
 B - an uncursed staff of summoning {unknown}
 C - an uncursed staff of cold {unknown}
 F - a cursed staff of fire {unknown}
Jewellery
 j - an uncursed amulet of guardian spirit {unknown}
 v - a +1 ring of protection (left claw)
 y - a +6 ring of intelligence (right claw)
 A - a +4 amulet of reflection (around neck)
Wands
 G - a wand of acid (5)
Scrolls
 d - 3 scrolls of enchant weapon
 e - 2 scrolls of remove curse {unknown}
 g - 3 scrolls of identify
 i - 2 scrolls of fear {unknown}
 l - a scroll of fog {unknown}
 p - a scroll of random uselessness {unknown}
 r - 2 scrolls of noise {unknown}
 s - a scroll of immolation {unknown}
 w - 2 scrolls of amnesia {unknown}
 z - a scroll of teleportation {unknown}
Potions
 f - 4 potions of curing {unknown}
 k - 2 potions of mutation {unknown}
 m - a potion of cancellation {unknown}
 n - a potion of heal wounds {unknown}
 o - 3 potions of flight {unknown}
 q - a potion of magic {unknown}
 t - a potion of haste {unknown}
 u - a potion of degeneration {unknown}
 x - 2 potions of resistance {unknown}
Comestibles
 b - 12 rations
 E - 4 chunks of flesh


   Skills:
 * Level 3.4 Fighting
 * Level 2.5 Armour
 * Level 3.5 Dodging
 * Level 2.1 Stealth
 + Level 7.1 Unarmed Combat


You had 6 spell levels left.
You didn't know any spells.
Your spell library contained the following spells:

 Spells                   Type           Power        Failure   Level  Hunger
 Beastly Appendage        Tmut           #.....       36%         1    ##.....
 Sticks to Snakes         Tmut           #.......     50%         2    ###....
 Spider Form              Tmut/Pois      #.........   75%         3    ####...
 Ice Form                 Ice/Tmut       #.......     98%         4    #####..
 Blade Hands              Tmut           #.........   100%        5    ######.


Dungeon Overview and Level Annotations

Branches:
Dungeon (6/15)
 Temple: D:4-7

Altars:
Dithmenos
Elyvilon
Gozag
Qazlal
Ru
Wu Jian
Xom
Yredelemnul
Zin
The Shining One


Innate Abilities, Weirdness & Mutations

You are too large for most types of armour.
You have claws for hands.
Your metabolism is lightning-fast.
You like to eat raw meat.
Your natural rate of healing is unusually fast.
You are covered in fur. (AC +1)
You have very tough skin. (AC +2)


Message History

The puff of frost hits you!
* * * LOW HITPOINT WARNING * * *
You hear some strange, mumbled words.
Something tries to affect you, but you resist.
You completely miss the orc priest.
The orc priest hits you but does no damage.
The orc hits you but does no damage. The orc wizard casts a spell at you.
The puff of frost misses you.
You hear some strange, mumbled words.
A puff of flame appears from out of thin air!
The puff of flame hits you!
* * * LOW HITPOINT WARNING * * *
You scratch the orc priest but do no damage.
Your claw misses the orc priest.
* * * LOW HITPOINT WARNING * * *
You feel sick.
The orc priest calls down the wrath of Beogh upon you.
Pain shoots through your body!
You die...

#.# #.# . #.# ..#
## #.# #..##. ###.#
#..... ##...#
.....a### ##..###
#5.Zo{# #..##
#.#@#### #.##
#.#o.oo# #.#
#..###o# ##.# #..#
#.## #..# #. ....#
#..###.###...
##......#..##.#...#
##.#.#.........#
.>......#..####
..###.....รท...#


You could see a worker ant, an orc priest, an orc wizard, a crimson imp, 3 orcs
and a centaur skeleton.

Vanquished Creatures
  Sigmund (D:5)
  An ice beast (D:5)
  A sky beast (D:2)
  A centaur (D:2)
  An ogre (D:6)
  A bullfrog (D:6)
  A crimson imp (D:5)
  2 centaur skeletons
  A bullfrog skeleton (D:4)
  3 worker ants
  3 adders
  3 gnolls (D:3)
  A shadow imp (D:5)
  An ooze (D:2)
  An adder skeleton (D:4)
  4 worms
  2 dart slugs
  6 leopard geckos
  8 orcs
  7 giant cockroaches
  5 goblins
  6 hobgoblins
  7 jackals
  4 quokkas
  3 ball pythons
  6 bats
  7 frilled lizards
  A giant cockroach zombie (D:6)
  11 kobolds
  A quokka skeleton (D:4)
  A quokka zombie (D:5)
  5 rats
106 creatures vanquished.

Vanquished Creatures (others)
  A worm (D:2)
  A bat (D:3)
2 creatures vanquished.

Grand Total: 108 creatures vanquished

Notes
Turn   | Place    | Note
-------+----------+-------------------------------------------
     0 | D:1      | NochnoyZador the Troll Monk began the quest for the Orb.
     0 | D:1      | Reached XP level 1. HP: 22/22 MP: 0/0
    82 | D:1      | Reached XP level 2. HP: 17/29 MP: 1/1
   257 | D:1      | Reached skill level 4 in Unarmed Combat
   390 | D:1      | Reached XP level 3. HP: 36/36 MP: 2/2
   539 | D:2      | Found a shadowy altar of Dithmenos.
   604 | D:2      | Found an ornate altar of the Wu Jian Council.
   627 | D:2      | Noticed a sky beast
   643 | D:2      | Killed a sky beast
   643 | D:2      | Reached skill level 5 in Unarmed Combat
   643 | D:2      | Reached XP level 4. HP: 35/44 MP: 3/3
   711 | D:2      | Noticed a centaur
   718 | D:2      | Killed a centaur
   718 | D:2      | Reached XP level 5. HP: 46/50 MP: 4/4
   936 | D:2      | Found a faded altar of an unknown god.
  1034 | D:2      | Found a sacrificial altar of Ru.
  1099 | D:2      | Found a glowing golden altar of the Shining One.
  1102 | D:2      | Noticed an angel
  1104 | D:2      | Reached skill level 6 in Unarmed Combat
  1118 | D:2      | Found a basalt altar of Yredelemnul.
  1120 | D:2      | Noticed a profane servitor
  1229 | D:2      | You fall through a shaft!
  1542 | D:3      | Reached XP level 6. HP: 55/59 MP: 5/5
  1640 | D:3      | Found an opulent altar of Gozag.
  1659 | D:3      | Reached skill level 1 in Armour
  2455 | D:4      | Found a stormy altar of Qazlal.
  2456 | D:4      | Noticed a water elemental
  2456 | D:4      | Noticed a fire elemental
  2456 | D:4      | Noticed an air elemental
  2528 | D:5      | Entered Level 5 of the Dungeon
  2551 | D:5      | Found a shimmering altar of Xom.
  2605 | D:5      | Noticed an angel
  2608 | D:5      | Found a glowing silver altar of Zin.
  2661 | D:5      | Noticed Sigmund
  2681 | D:5      | Killed Sigmund
  2681 | D:5      | Reached XP level 7. HP: 48/67 MP: 6/6
  2803 | D:5      | Found a white marble altar of Elyvilon.
  3204 | D:6      | Reached skill level 7 in Unarmed Combat
  3263 | D:6      | HP: 1/67 [something/puff of flame (6)]
  3264 | D:6      | Killed from afar by an orc priest

Skill      XL: |  1  2  3  4  5  6  7 |
---------------+----------------------+-----
Unarmed Combat | 4 5 6 7 |  7.1
Armour         | 2 |  2.5
Dodging        | 3 |  3.5
Fighting       | 3 |  3.4
Stealth        | 2 |  2.1

Action                   |  1- 3 |  4- 6 |  7- 9 || total
-------------------------+-------+-------+-------++-------
Melee: Unarmed           |    90 |   150 |    62 ||   302
       Punch             |     2 |     3 |     1 ||     6
  Use: Scroll            |       |     1 |       ||     1
 Stab: Sleeping          |     3 |     5 |       ||     8
  Eat: Chunk             |    11 |    17 |     7 ||    35
Armor: Robe              |    21 |       |       ||    21
       Troll leather arm |     9 |    44 |    21 ||    74
Dodge: Dodged            |    57 |    69 |    26 ||   152
Block: Other             |       |     1 |     7 ||     8
